 Dungeon Crawl Stone Soup version 0.26.1-2-gb8aa6d0cf2 (webtiles) character file.

Game seed: 6065541856691569922

5540 Gadfly the Chopper (level 10, 0/76 HPs)
             Began as a Demonspawn Monk on Feb 11, 2021.
             Was a Priest of Qazlal.
             Slain by Snorg (9 damage)
             ... on level 10 of the Dungeon.
             The game lasted 00:23:19 (12129 turns).

Gadfly the Chopper (Demonspawn Monk)               Turns: 12129, Time: 00:23:19

Health: 0/76       AC: 14    Str: 14    XL:     10   Next: 43%
Magic:  0/15       EV:  6    Int: 12    God:    Qazlal [***...]
Gold:   556        SH:  4    Dex: 22    Spells: 9/9 levels left

rFire    + . .     SeeInvis .   a - +2 hand axe (drain)
rCold    . . .     Faith    +   (no shield)
rNeg     . . .     Spirit   +   q - +0 plate armour
rPois    .         Reflect  .   (helmet restricted)
rElec    .         Harm     .   t - +0 cloak
rCorr    .         Rampage  .   (no gloves)
Will     .....                  (no boots)
Stlth    ..........             z - amulet of faith
HPRegen  0.22/turn              l - ring of protection from fire
MPRegen  0.28/turn              y - +6 ring of dexterity

@: no status effects
A: antennae 2, fangs 1, demonic guardian 1, sense surroundings 1, magic shield,
magic regeneration
a: Renounce Religion, Upheaval, Elemental Force


You were on level 10 of the Dungeon.
You worshipped Qazlal.
Qazlal was most pleased with you.
You visited 1 branch of the dungeon, and saw 10 of its levels.
You also visited: Sewer.

You collected 556 gold pieces.

Inventory:

Hand Weapons
 a - a +2 hand axe of draining (weapon)
 b - a +2 war axe of freezing
 w - a +5 war axe
Armour
 q - a +0 plate armour (worn)
 t - a +0 cloak (worn)
Jewellery
 h - an uncursed amulet of reflection
 l - a ring of protection from fire (left hand)
 m - an uncursed ring of resist corrosion
 y - a +6 ring of dexterity (right hand)
 z - an amulet of faith (around neck)
Wands
 r - a wand of flame (34) (quivered)
 u - a wand of enslavement (4)
Scrolls
 d - 7 scrolls of teleportation
 j - 2 scrolls of enchant weapon
 n - 3 scrolls of remove curse
 o - a scroll of fear
 x - a scroll of blinking
Potions
 c - a potion of berserk rage
 f - a potion of lignification
 g - 2 potions of attraction
 k - a potion of haste
 s - a potion of might
 v - 2 potions of curing


   Skills:
 + Level 6.2 Fighting
 * Level 7.8 Axes
 * Level 7.5 Armour
 - Level 2.6 Dodging
 - Level 1.7 Stealth
 + Level 7.8 Invocations
 + Level 6.7 Evocations


You had 9 spell levels left.
You didn't know any spells.
Your spell library contained the following spells:

 Spells                   Type           Power        Failure   Level
 Corona                   Hex            0%           100%        1
 Ensorcelled Hibernation  Hex/Ice        0%           100%        2
 Confusing Touch          Hex            0%           100%        3
 Dazzling Flash           Conj/Hex       0%           100%        3
 Tukima's Dance           Hex            0%           100%        3


Dungeon Overview and Level Annotations

Branches:
Dungeon (10/15)            Temple (0/1) D:6            Lair (0/6) D:9
  Sewer (visited)
    Orc: D:9-12

Altars:
Cheibriados
Fedhas
Hepliaklqana
Qazlal
Ru
Trog
Vehumet
Wu Jian
Yredelemnul
Zin
The Shining One

Annotations:
D:10 Snorg


Innate Abilities, Weirdness & Mutations

You have a pair of antennae on your head.
A weak demonic guardian rushes to your aid.
When hurt, damage is shared between your health and your magic reserves.
You regenerate magic rapidly.
You have very sharp teeth.
You passively map a small area around you.


Message History

Snorg bites you but does no damage. Snorg barely misses you.
You block Snorg's attack.
You slash Snorg!
Snorg is lightly wounded.
Snorg bites you but does no damage. Snorg claws you but does no damage. x2
You barely miss Snorg.
Snorg is lightly wounded.
Snorg bites you but does no damage. You block Snorg's attack.
Snorg barely misses you. Snorg bites you!! Snorg claws you but does no damage.
Snorg claws you!
Unknown command.
You slash Snorg! You bite Snorg, but do no damage.
Snorg is lightly wounded.
Snorg bites you!! Snorg claws you but does no damage. Snorg barely misses you.
You hit Snorg. You bite Snorg.
Snorg is lightly wounded.
Snorg bites you!!
* * * LOW HITPOINT WARNING * * *
Snorg claws you but does no damage. Snorg claws you!
You die...

* ###'### ###)).....# #.. #..##
#.......# #.# ##..# #####'### #.#
#######.### #...# #.#
#####.........# ######'# #.#
#.............# #.......
####.###.###>........#####.......
....)..#.# #...T.....##..'.......
.......#.# #....@....##.##.......
.......#.#
#...ยง.....#..##.......
.......#.# #...........###.......
......)..# #.........### #.......
.......### ####.###### ########
####.### #. #....# #. *
#'#######* ## ......... *


You could see Snorg (berserk).

Vanquished Creatures
  2 two-headed ogres
  Prince Ribbit (D:7)
  A vampire (D:10)
  A wyvern (D:10)
  4 yaks
  A black bear (D:9)
  6 orc warriors
  3 sky beasts
  2 ogres
  3 centaurs
  5 big kobolds (Sewer)
  2 bullfrogs (D:9)
  4 scorpions
  6 wights (D:7)
  A howler monkey (D:4)
  A bullfrog zombie (D:9)
  A jelly (D:7)
  5 orc priests
  A bullfrog skeleton (D:9)
  2 iguanas
  5 orc wizards
  6 worker ants
  4 gnolls (D:4)
  13 adders
  2 river rats (Sewer)
  A shadow imp (D:7)
  2 white imps (D:7)
  An ufetubus (D:5)
  An ooze (Sewer)
  2 adder zombies
  7 worms
  A dart slug (D:1)
  3 leopard geckos
  47 orcs
  2 ball pythons (Sewer)
  13 giant cockroaches
  5 goblins
  7 hobgoblins
  7 jackals
  3 quokkas
  A ball python zombie (D:5)
  7 bats
  3 frilled lizards
  A jackal skeleton (D:6)
  12 kobolds
  A leopard gecko skeleton (D:4)
  3 quokka skeletons
  11 rats
223 creatures vanquished.

Vanquished Creatures (collateral kills)
  An orc warrior (D:7)
  An ice beast (D:6)
  An ogre (D:5)
  2 wights (D:7)
  An orc priest (D:5)
  A centaur skeleton (D:6)
  Natasha (D:3)
  4 orcs
12 creatures vanquished.

Vanquished Creatures (others)
  6 fungi (D:9)
  4 plants (D:9)
10 creatures vanquished.

Grand Total: 245 creatures vanquished

Notes
Turn   | Place    | Note
-------+----------+-------------------------------------------
     0 | D:1      | Gadfly the Demonspawn Monk began the quest for the Orb.
     0 | D:1      | Reached XP level 1. HP: 18/18 MP: 1/1
   402 | D:1      | Reached skill level 1 in Invocations
   498 | D:1      | Gained mutation: You have a pair of small antennae on your
                  | head. [demonic ancestry]
   498 | D:1      | Reached XP level 2. HP: 21/24 MP: 2/2
  1120 | D:2      | Reached skill level 1 in Evocations
  1121 | D:2      | Reached skill level 1 in Armour
  1208 | D:2      | Gained mutation: A weak demonic guardian rushes to your
                  | aid. [demonic ancestry]
  1208 | D:2      | Reached XP level 3. HP: 15/29 MP: 4/4
  1730 | D:2      | Found a radiant altar of Vehumet.
  1858 | D:3      | Found a faded altar of an unknown god.
  1921 | D:3      | Gained mutation: When hurt, damage is shared between your
                  | health and your magic reserves. [demonic ancestry]
  1921 | D:3      | Reached XP level 4. HP: 34/35 MP: 5/5
  2270 | D:3      | Found a blossoming altar of Fedhas.
  2587 | D:3      | Noticed Natasha
  2602 | D:3      | Killed Natasha
  2931 | D:4      | Gained mutation: You have a pair of antennae on your head.
                  | [demonic ancestry]
  2931 | D:4      | Reached XP level 5. HP: 38/41 MP: 7/7
  3027 | D:4      | Found a hazy altar of Hepliaklqana.
  3092 | D:4      | Found a glowing drain.
  3120 | Sewer    | Entered a sewer
  3416 | Sewer    | Reached XP level 6. HP: 39/47 MP: 6/8
  3919 | Sewer    | Gained mutation: You regenerate magic rapidly. [demonic
                  | ancestry]
  3919 | Sewer    | Reached XP level 7. HP: 52/52 MP: 8/10
  4560 | D:4      | Found a bloodstained altar of Trog.
  4810 | D:4      | Found a glowing silver altar of Zin.
  4810 | D:4      | Found a stormy altar of Qazlal.
  4908 | D:4      | Found a basalt altar of Yredelemnul.
  4910 | D:4      | Noticed a profane servitor
  4917 | D:4      | Found a glowing golden altar of the Shining One.
  4919 | D:4      | Noticed an angel
  5014 | D:4      | Found an ornate altar of the Wu Jian Council.
  5047 | D:5      | Entered Level 5 of the Dungeon
  5692 | D:5      | Reached XP level 8. HP: 60/60 MP: 11/11
  6070 | D:4      | Found a snail-covered altar of Cheibriados.
  6079 | D:4      | Became a worshipper of Qazlal Stormbringer
  6079 | D:4      | Reached * piety under Qazlal
  6079 | D:4      | Reached ** piety under Qazlal
  6180 | D:6      | Reached skill level 5 in Axes
  6180 | D:6      | Reached skill level 5 in Invocations
  6910 | D:6      | Found a staircase to the Ecumenical Temple.
  6926 | D:6      | You fall into a shaft and drop 2 floors!
  7093 | D:7      | Reached skill level 5 in Evocations
  7111 | D:7      | Reached skill level 5 in Armour
  7166 | D:7      | Noticed Prince Ribbit
  8006 | D:7      | Killed Prince Ribbit
  8455 | D:7      | Reached XP level 9. HP: 58/67 MP: 13/13
  8519 | D:7      | Found a sacrificial altar of Ru.
  9047 | D:8      | Reached skill level 5 in Fighting
  9281 | D:8      | Noticed a two-headed ogre
  9562 | D:8      | Reached *** piety under Qazlal
  9588 | D:8      | Killed a two-headed ogre
 10210 | D:9      | Found a staircase to the Lair.
 10224 | D:9      | Reached XP level 10. HP: 47/76 MP: 10/15
 10455 | D:9      | Found a basalt altar of Yredelemnul.
 10843 | D:9      | Gained mutation: You are frail. (-10% HP) [potion of
                  | mutation]
 10843 | D:9      | Gained mutation: You passively map a small area around you.
                  | [potion of mutation]
 10844 | D:9      | Lost mutation: You are frail. (-10% HP) [potion of
                  | mutation]
 10844 | D:9      | Gained mutation: You have very sharp teeth. [potion of
                  | mutation]
 10844 | D:9      | Gained mutation: You are weak. (Str -2) [potion of
                  | mutation]
 10844 | D:9      | Lost mutation: You are weak. (Str -2) [potion of mutation]
 11099 | D:10     | Entered Level 10 of the Dungeon
 11173 | D:10     | Noticed a two-headed ogre
 11191 | D:10     | Killed a two-headed ogre
 12118 | D:10     | Noticed Snorg
 12129 | D:10     | Slain by Snorg

Illustrated notes

Levels and vault maps discovered:
D:1:      dpeg_arrival_refuge, layout_basic, serial_corexii_hall,
          corexii_hall_statues_i, corexii_hall_statues_t,
          chequers_hall_statues_y
D:2:      layout_rooms, overflow_temple_1_default
D:3:      layout_loops_cross, chequers_ecumenical_altar_simple,
          fedhas_altar_fruit_tree, uniq_natasha
D:4:      layout_basic, grunt_temple_overflow_holy_war, kennysheep_mini_moat,
          nicolae_overflow_hidden_temple, gup_sewer_entry_pipe
D:5:      layout_rooms
D:6:      layout_cave_pools, minmay_temple_entry_hall
D:7:      layout_basic, nicolae_ru_the_path_less_chosen, uniq_prince_ribbit1
D:8:      layout_loops_ring
D:9:      wander_river, layout_rooms, grunt_lair_entry_orc_guard_hut,
          basic_altar
D:10:     layout_roguey, uniq_snorg

Skill      XL: |  1  2  3  4  5  6  7  8  9 10 |
---------------+-------------------------------+-----
Invocations    | 1 2 3 4 5 7 |  7.8
Evocations     | 1 2 3 4 5 6 |  6.7
Armour         | 1 2 3 4 5 6 7 |  7.5
Axes           | 3 4 5 7 |  7.8
Fighting       | 4 5 6 |  6.2
Dodging        | |  2.6
Stealth        | |  1.7

Action                   |  1- 3 |  4- 6 |  7- 9 | 10-12 || total
-------------------------+-------+-------+-------+-------++-------
Melee: Hand axe          |   132 |    47 |   204 |     7 ||   390
       Unarmed           |       |     7 |       |       ||     7
       Morningstar       |       |   140 |   200 |       ||   340
       Battleaxe         |       |       |    21 |       ||    21
       War axe           |       |       |    62 |   118 ||   180
       Bite              |       |       |       |     9 ||     9
Invok: Upheaval          |       |       |       |     4 ||     4
Evoke: Wand              |       |       |       |     3 ||     3
  Use: Scroll            |     9 |     1 |    11 |     1 ||    22
       Potion            |     1 |     1 |     6 |     5 ||    13
 Stab: Sleeping          |     4 |       |       |       ||     4
       Distracted        |       |     1 |     2 |       ||     3
Armor: Leather armour    |     5 |       |       |       ||     5
       Ring mail         |    31 |       |       |       ||    31
       Chain mail        |    13 |   128 |     6 |       ||   147
       Plate armour      |       |       |   348 |    73 ||   421
Dodge: Dodged            |    89 |    74 |   136 |    24 ||   323
Block: Other             |       |       |    62 |    27 ||    89
       Reflection        |       |       |       |     2 ||     2
